 Dungeon Crawl Stone Soup version 0.31.0-12-g77e489cdc1 (webtiles) character file.

Game seed: 5045849687275219083

89 NotreDorf the Digger (level 4, 0/26 HPs)
             Began as a Gargoyle Earth Elementalist on Feb 12, 2024.
             Slain by a gnoll
             ... wielding a +0 flail
              (4 damage)
             ... on level 3 of the Dungeon.
             The game lasted 00:07:46 (1680 turns).

NotreDorf the Digger (Gargoyle Earth Elementalist)  Turns: 1680, Time: 00:07:46

Health: 0/26       AC:  6    Str: 11    XL:     4   Next: 55%
Magic:  1/7        EV: 11    Int: 18    God:
Gold:   103        SH:  0    Dex: 10    Spells: 1/8 levels left

rFire   . . .        g - +0 short sword
rCold   . . .        (no shield)
rNeg    + . .        a - +0 robe
rPois   ∞            l - +0 helmet
rElec   +            (no cloak)
rCorr   .            (no gloves)
SInv    .            (no boots)
Will    .....        (no amulet)
Stlth   ++           (no ring)
HPRegen 0.24/turn    (no ring)
MPRegen 0.10/turn

%: no passive effects
@: no status effects
A: sickness immunity, AC +3, negative energy resistance 1, electricity
resistance, torment resistance 1, petrification resistance
a: no special abilities


You were on level 3 of the Dungeon.
You visited 1 branch of the dungeon, and saw 3 of its levels.

You collected 129 gold pieces.
You spent 26 gold pieces at shops.

Inventory:

Hand Weapons
 d - a +0 whip
 g - a +0 short sword (weapon)
Armour
 a - a +0 robe (worn)
 l - a +0 helmet (worn)
Scrolls
 f - a scroll of teleportation {unknown}
 h - a scroll of blinking {unknown}
 k - a scroll of enchant weapon {unknown}
 m - a scroll of enchant armour {unknown}
Potions
 b - a potion of magic
 c - a potion of cancellation {unknown}
 e - a potion of enlightenment
 i - a potion of heal wounds {unknown}
 j - 2 potions of curing {unknown}
 n - 3 potions of lignification {unknown}
 o - a potion of haste {unknown}
 p - a potion of ambrosia {unknown}


   Skills:
 + Level 1.7 Fighting
 - Level 1.5 Dodging
 - Level 2.8 Stealth
 + Level 2.5 Spellcasting
 + Level 2.1 Conjurations
 + Level 0.6 Fire Magic
 + Level 4.3 Earth Magic


You had one spell level left.
You knew the following spells:

 Your Spells              Type           Power      Damage    Failure   Level
a - Sandblast             Erth           34%        2d9       3%          1
b - Stone Arrow           Conj/Erth      28%        3d8       14%         3
c - Passwall              Erth           17%        N/A       9%          3

Your spell library contained the following spells:

 Spells                   Type           Power      Damage    Failure   Level
 Inner Flame              Hex/Fire       3%         N/A       41%         3
 Brom's Barrelling Bould  Conj/Erth      14%        2d4       41%         4
 Petrify                  Alch/Erth      10%        N/A       56%         4
 Flame Wave               Conj/Fire      7%         2d5       67%         4
 Sticky Flame             Fire/Alch      3%         2d4       83%         4


Dungeon Overview and Level Annotations

Branches:
Dungeon (3/15)

Altars:
Makhleb
Zin

Shops:
D:1 ?


Innate Abilities, Weirdness & Mutations

You are immune to sickness and miasma.
Your stone body is resilient. (AC +3)
You are immune to poison.
You resist negative energy. (rN+)
You are resistant to electric shocks. (rElec)
You are resistant to unholy torment.
You are immune to petrification.


Message History

Aiming: Sandblast (safe; 3% risk of failure)
Press: ? - help, Shift-Dir - straight line, f/p - gnoll
Aim: a gnoll, wielding a +0 flail (84% to hit)
The blast of sand hits the gnoll!
You kill the gnoll!
The gnoll hits you but does no damage.
Casting: Sandblast (safe; 3% risk of failure)
Confirm with . or Enter, or press ? or * to list all spells.
Aiming: Sandblast (safe; 3% risk of failure)
Press: ? - help, Shift-Dir - straight line, f/p - gnoll
Aim: a gnoll, wielding a +0 flail (84% to hit)
The blast of sand hits the gnoll.
The gnoll is lightly wounded.
The gnoll hits you with a +0 whip.
Casting: Sandblast (safe; 3% risk of failure)
Confirm with . or Enter, or press ? or * to list all spells.
Aiming: Sandblast (safe; 3% risk of failure)
Press: ? - help, Shift-Dir - straight line, f/p - gnoll
Aim: a gnoll, wielding a +0 flail (84% to hit)
The blast of sand hits the gnoll!
The gnoll is almost dead.
The gnoll barely misses you. The gnoll closely misses you.
Casting: Sandblast (safe; 3% risk of failure)
Confirm with . or Enter, or press ? or * to list all spells.
Aiming: Sandblast (safe; 3% risk of failure)
Press: ? - help, Shift-Dir - straight line, f/p - gnoll
Aim: a gnoll, wielding a +0 flail (84% to hit)
The blast of sand hits the gnoll.
You kill the gnoll!
The gnoll hits you with a +0 flail.
* * * LOW HITPOINT WARNING * * *
You barely miss the gnoll. The gnoll closely misses you.
You hit the gnoll.
The gnoll is lightly wounded.
The gnoll hits you with a +0 flail.
* * * LOW HITPOINT WARNING * * *
You hit the gnoll.
The gnoll is heavily wounded.
The gnoll hits you with a +0 flail.
You die...

#..........#
#######.##.##.#
#.##.##.#
#.##..... #.#
###.# #.## #.#
#.#.## #.#######
#.###.###........
#.# ##@g.......l.
## #.###########
#.# #.# ##


You could see a gnoll.

Vanquished Creatures
  2 gnolls (D:3)
  3 adders
  A dart slug (D:2)
  An orc (D:3)
  7 ball pythons
  2 endoplasms (D:2)
  3 giant cockroaches (D:1)
  2 goblins
  4 hobgoblins
  A jackal (D:2)
  2 kobolds
  3 quokkas
  5 bats
  2 frilled lizards
  A rat (D:1)
39 creatures vanquished.

Notes
Turn   | Place    | Note
-------+----------+-------------------------------------------
     0 | D:1      | NotreDorf the Gargoyle Earth Elementalist began the quest
                  | for the Orb.
     0 | D:1      | Reached XP level 1. HP: 10/10 MP: 3/3
   355 | D:1      | Reached XP level 2. HP: 8/16 MP: 0/5
   543 | D:1      | Found Iqafreij's Magic Scroll Shop.
   550 | D:1      | Bought a scroll of identify for 26 gold pieces
   879 | D:2      | Found a glowing silver altar of Zin.
   942 | D:2      | Reached skill level 1 in Fighting
   946 | D:2      | Reached XP level 3. HP: 16/20 MP: 0/6
   949 | D:2      | Reached skill level 4 in Earth Magic
  1110 | D:2      | Learned a level 3 spell: Stone Arrow
  1447 | D:2      | Reached XP level 4. HP: 25/25 MP: 5/7
  1569 | D:2      | Learned a level 3 spell: Passwall
  1596 | D:3      | Found a burning altar of Makhleb.
  1680 | D:3      | Slain by a gnoll

Illustrated notes

Levels and vault maps discovered:
D:1:      dpeg_arrival_boxorama, layout_basic, serial_shops, shop
D:2:      kennysheep_big_flooded_room, layout_rooms, basic_altar,
          minmay_hedge_maze, minmay_tetromino_t2
D:3:      layout_loops_ring, mainiacjoe_overflow_cross_hatched,
          mainiacjoe_overflow_tiny_flanked, serial_shops, shop,
          uniq_crazy_yiuf_cottage

Skill      XL: |  1  2  3 |
---------------+----------+-----
Fighting       | 1 |  1.7
Earth Magic    | 4 |  4.3
Conjurations   | 2 |  2.1
Dodging        | |  1.5
Stealth        | |  2.8
Spellcasting   | |  2.5
Fire Magic     | |  0.6

Action                     |  1- 3 |  4- 6 || total
---------------------------+-------+-------++-------
  Melee: Whip              |     6 |       ||     6
         Short sword       |    17 |    10 ||    27
   Cast: Sandblast         |    43 |     8 ||    51
         Stone Arrow       |       |     1 ||     1
    Use: Scroll            |     2 |       ||     2
 Armour: Robe              |    22 |    11 ||    33
  Dodge: Dodged            |    20 |     5 ||    25
